 Dungeon Crawl Stone Soup version 0.29.1-15-g9cfb28693d (webtiles) character file.

Game seed: 12069722641873404015

14622 BuddhaDhamma the Executioner (level 11, 0/108 (123) HPs)
             Began as a Minotaur Berserker on Mar 22, 2023.
             Was an Elder of Trog.
             Killed from afar by Josephine (9 damage)
             ... with a ghostly fireball
             ... on level 11 of the Dungeon.
             The game lasted 00:19:34 (13204 turns).

BuddhaDhamma the Executioner (Minotaur Berserker)  Turns: 13204, Time: 00:19:35

HP:   0/108 (123)   AC: 12    Str: 31    XL:     11   Next: 91%
MP:   10/10         EV:  8    Int:  4    God:    Trog [****..]
Gold: 528           SH:  0    Dex: 11    Spells: 10/10 levels left

rFire   . . .      SeeInvis +   e - +4 executioner's axe (freeze)
rCold   . . .      Faith    .   (shield currently unavailable)
rNeg    . . .      Spirit   .   r - +0 plate armour
rPois   .          Reflect  .   B - +0 hat {Stlth+}
rElec   .          Harm     .   (no cloak)
rCorr   .          Rampage  .   w - +2 pair of gloves {Stlth+}
Will    .....                   o - +1 pair of boots
Stlth   ..........              (no amulet)
HPRegen 0.28/turn               f - ring of see invisible
MPRegen 0.12/turn               n - +6 ring of strength

@: berserking (expiring), corroded, heavily drained, very quick
A: horns 2, retaliatory headbutt
a: Renounce Religion, Berserk, Trog's Hand, Brothers in Arms


You were on level 11 of the Dungeon.
You worshipped Trog.
Trog was greatly pleased with you.
You visited 1 branch of the dungeon, and saw 11 of its levels.
You also visited: Sewer.

You collected 722 gold pieces.
You spent 194 gold pieces at shops.

Inventory:

Hand Weapons
 e - a +4 executioner's axe of freezing (weapon)
Missiles
 j - 24 poisoned darts (quivered)
Armour
 o - a +1 pair of boots (worn)
 r - a +0 plate armour (worn)
 w - a +2 pair of gloves of stealth (worn)
 B - a +0 hat of stealth (worn)
Jewellery
 a - a ring of willpower
 d - a +6 ring of dexterity
 f - a ring of see invisible (left hand)
 g - a ring of protection from cold
 h - a +6 ring of intelligence
 n - a +6 ring of strength (right hand)
 q - a ring of poison resistance
 E - a ring of willpower
Wands
 i - a wand of polymorph (9)
 v - a wand of roots (16)
 x - a wand of light (23)
 G - a wand of flame (8)
Scrolls
 s - 3 scrolls of teleportation
 u - a scroll of magic mapping
 y - a scroll of torment {unknown}
 C - a scroll of butterflies
 F - 2 scrolls of noise {unknown}
Potions
 b - 8 potions of curing
 c - 5 potions of flight
 k - 4 potions of mutation
 l - 3 potions of degeneration {unknown}
 m - a potion of haste {unknown}
 p - 3 potions of brilliance {unknown}
 t - 6 potions of heal wounds
 z - 2 potions of cancellation {unknown}
 A - 2 potions of invisibility {unknown}
 D - a potion of lignification {unknown}
 H - a potion of magic {unknown}


   Skills:
 - Level 3.6 Fighting
 + Level 22.2 Axes
 - Level 2.4 Armour
 - Level 2.1 Dodging


You had 10 spell levels left.
You didn't know any spells.
Your spell library was empty.

Dungeon Overview and Level Annotations

Branches:
Dungeon (11/15)            Temple (0/1) D:6            Lair (0/5) D:8
    Orc (0/2) D:10          Sewer (visited)

Altars:
Makhleb
Qazlal

Shops:
D:4 [?   D:5 *   D:9 [

Annotations:
D:11 Josephine


Innate Abilities, Weirdness & Mutations

You have a pair of horns on your head.
You reflexively headbutt those who attack you in melee.


Message History

You feel drained.
You hear a shout!
You slice the wraith!! You freeze the wraith.
The wraith is almost destroyed.
You closely miss the wraith.
The wraith is almost destroyed.
A shadow comes into view.
The wraith hits you.
You barely miss the wraith.
The wraith is almost destroyed.
You closely miss the wraith.
The wraith is almost destroyed.
The acid dragon spits acid at you. The splash of acid hits you!
Josephine gestures at you while chanting.
The ghostly flame explodes!
The ghostly fireball engulfs you!!
You feel drained.
* * * LOW HITPOINT WARNING * * *
The ghostly fireball engulfs the wraith.
The wraith completely resists.
The wraith hits you but does no damage.
You slice the wraith!!
You feel the power of Trog in you as your rage grows.
You destroy the wraith!
Trog accepts your kill. The acid dragon barely misses you.
The acid dragon claws you.
* * * LOW HITPOINT WARNING * * *
Josephine grinds her teeth.
You feel a strong urge to attack something.
You slice the acid dragon!! You freeze the acid dragon!
You kill the acid dragon!
Trog accepts your kill.
The shadow slips into darkness.
The shadow flickers and vanishes for a moment.
You barely miss Josephine. You headbutt Josephine!
Josephine is moderately wounded.
You slash the wraith! You freeze the wraith. You slash the wraith!
The wraith closely misses you. Josephine casts a spell at you.
The ghostly flame explodes!
The ghostly fireball engulfs you!
You feel drained.
You die...

#.........#
#.........#
#.........#
#.........#
#..W......#
#.........#
#.........#
#..@......#
#.W@W.....#
#...W.....#
#.........#
#....W?...#
#.........#
#.......<.#
#......$...
#..........


You could see Josephine, 4 wraiths and a shadow (invisible).

Vanquished Creatures
  2 two-headed ogres
  Nergalle (D:10)
  Pikel (D:7)
  An elephant (D:8)
  Maggie (D:8)
  Psyche (D:10)
  3 trolls
  Grinder (Sewer)
  22 yaks
  3 wraiths
  A vampire (D:6)
  3 wyverns
  Grum (D:8)
  Eustachio (D:6)
  A steam dragon (D:9)
  A basilisk (D:8)
  2 acid dragons
  A water moccasin (D:7)
  An orc warrior (D:9)
  A black bear (D:8)
  A sky beast (D:6)
  3 ice beasts
  3 ogres
  2 wolves
  2 lemures (D:7)
  4 centaurs (D:9)
  A phantom (D:6)
  3 kobold brigands
  5 bullfrogs
  A necrophage (D:7)
  2 gnoll sergeants
  4 scorpions
  11 killer bees
  13 wights
  2 electric eels (D:10)
  2 howler monkeys (D:7)
  A quasit (Sewer)
  4 jellies
  An orc priest (D:3)
  5 hounds
  7 iguanas
  5 orc wizards
  Natasha (thrice) (D:2)
  7 adders
  13 gnolls
  2 shadow imps
  3 white imps
  8 ufetubi
  A worm (D:4)
  3 dart slugs
  16 orcs
  8 bats
  A bat zombie (Sewer)
  5 endoplasms
  3 giant cockroaches
  6 goblins
  11 hobgoblins
  3 jackals (D:3)
  24 kobolds
  5 quokkas
  7 ball pythons
  13 frilled lizards
  A kobold zombie (Sewer)
  9 rats
283 creatures vanquished.

Vanquished Creatures (collateral kills)
  Gastronok (D:9)
1 creature vanquished.

Vanquished Creatures (others)
  An endoplasm (Sewer)
  A kobold zombie (Sewer)
  3 fungi (D:3)
5 creatures vanquished.

Grand Total: 289 creatures vanquished

Notes
Turn   | Place    | Note
-------+----------+-------------------------------------------
     0 | D:1      | BuddhaDhamma the Minotaur Berserker began the quest for the
                  | Orb.
     0 | D:1      | Reached XP level 1. HP: 19/19 MP: 0/0
   161 | D:1      | Reached skill level 4 in Axes
   283 | D:1      | Reached XP level 2. HP: 16/26 MP: 1/1
   528 | D:1      | Reached skill level 5 in Axes
   784 | D:1      | Reached XP level 3. HP: 31/31 MP: 2/2
   884 | D:1      | Reached ** piety under Trog
  1314 | D:2      | Found a burning altar of Makhleb.
  1413 | D:2      | Noticed Natasha
  1421 | D:2      | Killed Natasha
  1422 | D:2      | Reached skill level 6 in Axes
  1422 | D:2      | Reached XP level 4. HP: 33/39 MP: 3/3
  1563 | D:2      | Found a faded altar of an unknown god.
  1935 | D:2      | Noticed Natasha
  1942 | D:2      | Killed Natasha
  1956 | D:2      | Noticed Natasha
  1963 | D:2      | Killed Natasha
  1964 | D:2      | Reached skill level 7 in Axes
  1964 | D:2      | Reached XP level 5. HP: 45/45 MP: 4/4
  2710 | D:3      | Reached *** piety under Trog
  2957 | D:4      | Reached skill level 8 in Axes
  3125 | D:4      | Reached XP level 6. HP: 45/51 MP: 5/5
  3286 | D:4      | Found Diemuf's Armour Shop.
  3431 | D:4      | Found Yklaugite's Magic Scroll Shoppe.
  3433 | D:4      | Identified the +2 short sword "Ibuduf" {freeze, rPois rC+
                  | Dex+3}
  3439 | D:4      | Bought a scroll of enchant weapon for 97 gold pieces
  3439 | D:4      | Bought a scroll of enchant weapon for 97 gold pieces
  3863 | D:5      | Entered Level 5 of the Dungeon
  3868 | D:5      | Reached skill level 9 in Axes
  3873 | D:5      | Noticed an ice beast
  3880 | D:5      | Killed an ice beast
  3884 | D:5      | Reached XP level 7. HP: 54/57 MP: 6/6
  4242 | D:5      | Reached skill level 10 in Axes
  4419 | D:5      | Found Pemmank's Assorted Antiques.
  4455 | D:5      | Found a glowing drain.
  4468 | Sewer    | Entered a sewer
  4595 | Sewer    | Reached **** piety under Trog
  4686 | Sewer    | Found a burning altar of Makhleb.
  4776 | Sewer    | Reached skill level 11 in Axes
  4826 | Sewer    | Noticed Grinder
  4831 | Sewer    | Paralysed by Grinder for 3 turns
  4835 | Sewer    | Killed Grinder
  4836 | Sewer    | Reached skill level 12 in Axes
  4836 | Sewer    | Reached XP level 8. HP: 53/64 MP: 7/7
  5493 | D:5      | Identified a scroll of acquirement
  5493 | D:5      | Acquired a +3 executioner's axe of electrocution
  5562 | D:6      | Reached skill level 13 in Axes
  5770 | D:6      | Noticed Eustachio
  5775 | D:6      | Killed Eustachio
  5780 | D:6      | Reached skill level 14 in Axes
  5969 | D:6      | Reached XP level 9. HP: 70/70 MP: 8/8
  6223 | D:6      | Reached skill level 15 in Axes
  6515 | D:6      | Found a staircase to the Ecumenical Temple.
  6595 | D:7      | Noticed Pikel
  6611 | D:7      | Killed Pikel
  6612 | D:7      | Reached skill level 16 in Axes
  7530 | D:8      | Noticed Grum
  7810 | D:8      | Killed Grum
  7811 | D:8      | Reached skill level 17 in Axes
  7945 | D:8      | Reached XP level 10. HP: 77/77 MP: 9/9
  7953 | D:8      | Found a staircase to the Lair.
  7953 | D:8      | Noticed an elephant
  7962 | D:8      | Killed an elephant
  8355 | D:8      | Noticed Maggie
  8364 | D:8      | Killed Maggie
  8365 | D:8      | Reached skill level 18 in Axes
  9624 | D:9      | Found a stormy altar of Qazlal.
  9849 | D:9      | Found Kese's Superior Scales.
  9977 | D:9      | Reached skill level 19 in Axes
 10115 | D:9      | Reached ***** piety under Trog
 10118 | D:9      | Noticed a two-headed ogre
 10129 | D:9      | Killed a two-headed ogre
 10135 | D:9      | Reached XP level 11. HP: 28/82 MP: 10/10
 10464 | D:9      | Reached skill level 20 in Axes
 10974 | D:9      | Noticed Gastronok
 10983 | D:9      | Killed Gastronok
 11069 | D:10     | Entered Level 10 of the Dungeon
 11141 | D:10     | Noticed Psyche
 11146 | D:10     | Killed Psyche
 11151 | D:10     | Noticed a two-headed ogre
 11338 | D:10     | Killed a two-headed ogre
 11339 | D:10     | Reached skill level 21 in Axes
 11845 | D:10     | Found a staircase to the Orcish Mines.
 12370 | D:10     | Identified the +6 war axe of Disintegration {flame, rPois
                  | rN+}
 12429 | D:10     | Noticed Nergalle
 12441 | D:10     | Killed Nergalle
 12771 | D:10     | Reached skill level 22 in Axes
 13192 | D:11     | Noticed Josephine
 13204 | D:11     | Killed from afar by Josephine

Illustrated notes

Levels and vault maps discovered:
D:1:      dpeg_arrival_renting, layout_loops_ring, minivault_11
D:2:      layout_basic, shapermc_ecumenical_altar_mp_highgroup, basic_altar,
          minmay_lizard_pond, uniq_natasha
D:3:      layout_loops_ring, dreamdust_mushroom_princess
D:4:      layout_cave_pools, serial_shops, nicolae_shop_crystal, shop
D:5:      layout_cave_pools, serial_shops, nicolae_shop_trees,
          portal_sewer_entry_b
D:6:      layout_basic, minmay_temple_entry_statues, uniq_eustachio
D:7:      layout_rooms, reono_crystal_passage, hangedman_decor_diamond_cutter,
          uniq_pikel
D:8:      layout_loops_corners, david_lair_generic, hangedman_glass_teeth,
          uniq_grum, uniq_maggie
D:9:      minmay_clustersquares, layout_irregular_city, amcnicky_altar_gilded,
          hellmonk_scale_shop, uniq_gastronok
D:10:     layout_basic, uniq_nergalle, uniq_psyche
D:11:     layout_long_grid, gammafunk_ghost_arena, uniq_erica, uniq_josephine

Skill      XL: |  1  2  3  4  5  6  7  8  9 10 11 |
---------------+----------------------------------+-----
Axes           | 4 5 6 7 8 9 12 14 17 19 22 | 22.2
Fighting       | |  3.6
Armour         | |  2.4
Dodging        | |  2.1

Action                   |  1- 3 |  4- 6 |  7- 9 | 10-12 || total
-------------------------+-------+-------+-------+-------++-------
Melee: Hand axe          |    87 |    68 |       |       ||   155
       Headbutt          |    15 |    17 |    25 |    31 ||    88
       War axe           |       |    52 |    73 |       ||   125
       Punch             |       |     3 |       |       ||     3
       Executioner's axe |       |       |    99 |   218 ||   317
Throw: Dart              |     3 |       |     9 |       ||    12
Invok: Berserk           |       |       |     4 |     8 ||    12
       Brothers in Arms  |       |       |       |     1 ||     1
Evoke: Wand              |       |       |       |     6 ||     6
  Use: Scroll            |       |    11 |     7 |     3 ||    21
Armor: Scale mail        |    44 |    21 |       |       ||    65
       Plate armour      |       |    55 |   133 |   130 ||   318
Dodge: Dodged            |    45 |    53 |    83 |   110 ||   291
Block: Tower shield      |       |     9 |    43 |       ||    52
